 Dungeon Crawl Stone Soup version 0.24-a0-525-g9231cdc (webtiles) character file.

Game seed: 17655496223596401668

508 relicbr the Changer (level 6, 0/47 HPs)
             Began as a Draconian Transmuter on Aug 3, 2019.
             Killed by divine providence
             ... invoked by an orc priest
              (13 damage)
             ... on level 4 of the Dungeon.
             The game lasted 00:14:51 (5500 turns).

relicbr the Changer (Draconian Transmuter)          Turns: 5500, Time: 00:14:51

Health: 0/47       AC:  6    Str: 12    XL:     6   Next: 98%
Magic:  1/9        EV: 12    Int: 16    God:
Gold:   152        SH:  3    Dex: 11    Spells: 3/9 levels left

rFire    . . .     SeeInvis .     - Unarmed
rCold    . . .     Gourm    .   (no shield)
rNeg     . . .     Faith    .   (armour unavailable)
rPois    .         Spirit   .   (helmet restricted)
rElec    .         Reflect  +   (no cloak)
rCorr    .         Harm     .   (no gloves)
MR       .....                  (boots currently unavailable)
Stlth    +.........             s - +3 amulet of reflection
HPRegen  0.15/turn              (no ring)
MPRegen  0.11/turn              (no ring)

@: appendage (expiring)
A: unfitting armour, talons 3, cold-blooded, AC +6
a: End Transformation


You were on level 4 of the Dungeon.
You were not hungry.
You had grown temporary talons.
You visited 1 branch of the dungeon, and saw 4 of its levels.
You also visited: Sewer.

You collected 152 gold pieces.

Inventory:

Hand Weapons
 b - a +1 dagger of electrocution
 u - a +1 dagger of venom
Missiles
 a - 20 arrows
Jewellery
 s - a +3 amulet of reflection (around neck)
Wands
 r - a wand of scattershot (3)
Scrolls
 e - a scroll of enchant armour {unknown}
 f - a scroll of enchant weapon
 j - 2 scrolls of teleportation {unknown}
 l - 4 scrolls of remove curse
 n - a scroll of amnesia {unknown}
 t - a scroll of noise {unknown}
Potions
 d - a potion of haste {unknown}
 g - 5 potions of agility
 h - 2 potions of might
 i - a potion of invisibility {unknown}
 k - 5 potions of brilliance {unknown}
 m - 7 potions of curing
 o - a potion of mutation {unknown}
 q - 8 potions of heal wounds
Comestibles
 c - 7 rations
 p - 6 chunks of flesh


   Skills:
 - Level 1.1 Fighting
 - Level 1.7 Dodging
 - Level 3.0 Unarmed Combat
 - Level 2.0 Spellcasting
 * Level 7.6 Transmutations


You had 3 spell levels left.
You knew the following spells:

 Your Spells              Type           Power        Failure   Level  Hunger
a - Beastly Appendage     Tmut           ####..       1%          1    #......
b - Sticks to Snakes      Tmut           ####....     1%          2    ###....
c - Spider Form           Tmut/Pois      ##........   13%         3    ###....

Your spell library contained the following spells:

 Spells                   Type           Power        Failure   Level  Hunger
 Corona                   Hex            #......      21%         1    #......
 Corpse Rot               Necr           N/A          30%         2    ###....
 Ensorcelled Hibernation  Hex/Ice        #.....       30%         2    ###....
 Confuse                  Hex            #.......     52%         3    ###....
 Dazzling Spray           Conj/Hex       #.....       52%         3    ###....
 Tukima's Dance           Hex            #.......     52%         3    ###....
 Blade Hands              Tmut           ####......   26%         5    ######.
 Ice Form                 Ice/Tmut       ##......     41%         4    #####..


Dungeon Overview and Level Annotations

Branches:
Dungeon (4/15)
 Temple: D:4-7

Altars:
Cheibriados
Gozag

Annotations:
D:3 2 transporters


Innate Abilities, Weirdness & Mutations

Your plain brown scales are hard. (AC +6)
You cannot fit into any form of body armour.
You are cold-blooded and may be slowed by cold attacks.
You have claws for feet.


Message History

Your ball python bites the adder.
Your ball python constricts the adder.
An orc priest comes into view. It is wielding a +0 hand axe.
The adder closely misses your ball python.
The orc priest shouts!
You hear a shout!
Your ball python barely misses the adder.
Your ball python constricts the adder.
The orc priest invokes the aid of Beogh against you.
Beogh smites you!
* * * LOW HITPOINT WARNING * * *
The adder bites your ball python.
Your ball python dies!
The adder bites your ball python.
Your ball python is poisoned.
The adder poisons your ball python!
Your ball python closely misses the adder.
Your ball python barely misses the adder.
Your transformation is almost over.
The orc priest invokes the aid of Beogh against you.
Beogh smites you!
You die...

.# #....##.##...## ##
#.......# #+##
##.###### #.# #.#
###.##### ####.####
#.......# #[......#
#....##.# #.##.##.#
#.....#.# #
#.##.###.)..##.#
#......@....##.#######
####<###.#............
#.# #.#.###.#######
..# #.......# ####
###o############
#..S)....#.....#
#.#.####)#.###.# #o#S#
#.#.# #.#
###.#S####.#.###.#


You could see an orc priest and an adder.

Vanquished Creatures
  A scorpion (D:4)
  A howler monkey (D:4)
  Jessica (D:3)
  An iguana (D:4)
  2 worker ants (D:4)
  6 adders
  3 river rats
  4 dart slugs
  A leopard gecko (D:3)
  2 orcs
  6 ball pythons
  6 giant cockroaches
  6 hobgoblins
  2 quokkas (D:3)
  6 bats
  6 frilled lizards
  6 goblins
  19 kobolds
  13 rats
92 creatures vanquished.

Vanquished Creatures (collateral kills)
  A big kobold (Sewer)
  A hound (D:4)
  An orc wizard (D:4)
  2 orc priests (D:4)
  5 river rats (Sewer)
  4 adders
  An ooze (Sewer)
  A worm (D:3)
  2 orcs (D:4)
  A ball python (Sewer)
  A giant cockroach (D:2)
  A hobgoblin (D:3)
  A frilled lizard (Sewer)
  5 kobolds
  11 rats
38 creatures vanquished.

Grand Total: 130 creatures vanquished

Notes
Turn   | Place    | Note
-------+----------+-------------------------------------------
     0 | D:1      | relicbr the Draconian Transmuter began the quest for the
                  | Orb.
     0 | D:1      | Reached XP level 1. HP: 16/16 MP: 3/3
   112 | D:1      | Reached XP level 2. HP: 22/23 MP: 3/5
   184 | D:1      | Reached skill level 3 in Transmutations
   760 | D:1      | Learned a level 2 spell: Sticks to Snakes
   808 | D:1      | Reached XP level 3. HP: 26/28 MP: 3/6
  1357 | D:2      | Reached skill level 4 in Transmutations
  1389 | D:2      | Learned a level 3 spell: Spider Form
  2201 | D:3      | Reached XP level 4. HP: 33/35 MP: 5/7
  2239 | D:3      | Found a transporter.
  2288 | D:3      | Noticed Jessica
  2301 | D:3      | Killed Jessica
  2310 | D:3      | Identified Jessica's Compendium of Evil
  2535 | D:3      | Found a snail-covered altar of Cheibriados.
  2675 | D:3      | Reached skill level 5 in Transmutations
  2950 | D:3      | Found a transporter.
  3363 | D:4      | Reached XP level 5. HP: 36/40 MP: 4/8
  3389 | D:4      | Found a glowing drain.
  3444 | Sewer    | Entered a sewer
  3996 | Sewer    | Reached skill level 6 in Transmutations
  4122 | Sewer    | Reached XP level 6. HP: 9/47 MP: 3/9
  4981 | D:4      | Reached skill level 7 in Transmutations
  5322 | D:4      | Found an opulent altar of Gozag.
  5500 | D:4      | Killed from afar by an orc priest

Levels and vault maps discovered:
D:1:      dpeg_arrival_rhombus, layout_basic, minmay_pentomino_z2
D:2:      layout_loops_corners, first_ration
D:3:      gammafunk_steamed_eel, layout_basic, marbit_many_paths,
          kennysheep_jessica_study
D:4:      layout_loops_corners, overflow_temple_1_default, portal_sewer_entry_a,
          st_stairs_14

Skill      XL: |  1  2  3  4  5  6 |
---------------+-------------------+-----
Transmutations | 3 4 5 6 7 |  7.6
Fighting       | |  1.1
Dodging        | |  1.7
Unarmed Combat | |  3.0
Spellcasting   | |  2.0

Action                   |  1- 3 |  4- 6 || total
-------------------------+-------+-------++-------
Melee: Unarmed           |   112 |   216 ||   328
       Tailslap          |    11 |    21 ||    32
       Headbutt          |     4 |     4 ||     8
       Kick              |     5 |    24 ||    29
       Dagger            |    17 |       ||    17
       Punch             |     1 |     1 ||     2
 Cast: Beastly Appendage |    23 |    27 ||    50
       Sticks to Snakes  |     7 |    50 ||    57
       Spider Form       |     1 |       ||     1
  Use: Scroll            |     3 |     5 ||     8
       Potion            |       |     1 ||     1
 Stab: Sleeping          |     1 |     2 ||     3
       Distracted        |       |     4 ||     4
  Eat: Chunk             |     2 |    15 ||    17
       Ration            |     1 |       ||     1
Armor: Skin              |    38 |    53 ||    91
Dodge: Dodged            |    67 |   138 ||   205
Block: Other             |       |    14 ||    14

Table legend:
 A = Non-vault XP
 B = Vault XP
 C = Vault XP percentage of total XP
 D = Non-vault monster count
 E = Vault monster count
 F = Vault count percentage of total count
                 A         B        C        D         E       F
            +---------+---------+-------+---------+---------+-------
      Total |     464 |     262 |  36.1 |      71 |      59 |  45.4
            +---------+---------+-------+---------+---------+-------
        D:1 |      36 |       5 |  12.2 |      20 |       2 |   9.1
        D:2 |      49 |       0 |   0.0 |      17 |       0 |   0.0
        D:3 |      72 |      33 |  31.4 |      22 |       3 |  12.0
        D:4 |     307 |      20 |   6.1 |      12 |       6 |  33.3
      Sewer |       0 |     204 | 100.0 |       0 |      48 | 100.0
            +---------+---------+-------+---------+---------+-------
